 Dungeon Crawl Stone Soup version 0.19-a0-36-g4a0968a (console) character file.

535 MenacingMecha the Cudgeler (level 7, -1/52 HPs)
             Began as a Formicid Fighter on May 4, 2016.
             Was a Follower of Okawaru.
             Slain by an orc warrior
             ... wielding a +0 trident
              (17 damage)
             ... on level 6 of the Dungeon.
             The game lasted 00:18:54 (3851 turns).

MenacingMecha the Cudgeler (Formicid Fighter)       Turns: 3851, Time: 00:18:54

Health: -1/52      AC:  7    Str: 21    XL:     7   Next: 50%
Magic:  7/7        EV:  7    Int: 11    God:    Okawaru [*.....]
Gold:   150        SH:  9    Dex: 12    Spells: 0 memorised, 6 levels left

rFire  + . .     SeeInvis +     F - +1 morningstar {freeze, rF+ Int+4}
rCold  . . .     Gourm    .     B - +0 scale mail {rPois}
rNeg   . . .     Faith    .     c - +0 shield
rPois  +         Spirit   .     (helmet unavailable)
rElec  .         Dismiss  .     (no cloak)
rCorr  .         Reflect  .     (no gloves)
SustAt .         Harm     .     E - +0 pair of boots
MR     .....                    (no amulet)
Stlth  ..........               (no ring)
                                y - ring of poison resistance

@: drained, not resistant to hostile enchantments, extremely unstealthy
A: permanent stasis, dig shafts and tunnels, four strong arms, antennae 3
a: Dig, Shaft Self, Heroism, Renounce Religion


You were on level 6 of the Dungeon.
You worshipped Okawaru.
Okawaru was aware of your devotion.
You were not hungry.

You visited 1 branch of the dungeon, and saw 5 of its levels.
You also visited: Sewer.

You collected 150 gold pieces.

Inventory:

Hand Weapons
 F - the +1 morningstar of Ruban (weapon) {freeze, rF+ Int+4}
   (You found it on level 6 of the Dungeon)

   It has been specially enchanted to freeze those struck by it, causing extra
   injury to most foes and up to half again as much damage against particularly
   susceptible opponents.
   It can also slow down cold-blooded creatures.
   It affects your intelligence (+4).
   It protects you from fire.
Armour
 c - a +0 shield (worn)
 B - a +0 scale mail of poison resistance (worn)
 E - a +0 pair of boots (worn)
Jewellery
 y - a ring of poison resistance (left hand)
Wands
 x - a wand of flame (24/48)
Scrolls
 e - 4 scrolls of teleportation {unknown}
 h - 6 scrolls of identify {unknown}
 l - 3 scrolls of remove curse {unknown}
 m - 2 scrolls of blinking {unknown}
 p - a scroll of magic mapping {unknown}
 q - a scroll of noise {unknown}
 r - 3 scrolls of recharging {unknown}
 v - 2 scrolls of enchant armour {unknown}
 D - a scroll of fear {unknown}
Potions
 b - 3 potions of magic {unknown}
 d - a potion of might
 g - a potion of brilliance {unknown}
 i - a potion of lignification {unknown}
 j - a potion of heal wounds {unknown}
 k - 2 potions of cure mutation {unknown}
 o - a potion of mutation {unknown}
 w - a potion of agility {unknown}
 z - 3 potions of curing {unknown}
 A - 2 potions of haste {unknown}
Comestibles
 f - 6 bread rations
 n - a royal jelly
 s - a slice of pizza
 t - 2 meat rations
 u - 3 beef jerkies
 C - a chunk of flesh


   Skills:
 - Level 3.2(2.6) Fighting
 + Level 7.7(7.0) Maces & Flails
 - Level 3.2(2.6) Armour
 - Level 3.6(2.9) Shields


You had 6 spell levels left.
You didn't know any spells.

Dungeon Overview and Level Annotations

Branches:
Dungeon (7/15)             Temple (0/1) D:6

Altars:
Ashenzari
Dithmenos
Makhleb
Okawaru
Zin

Annotations:
D:3 Sigmund


Innate Abilities, Weirdness & Mutations

You are under a permanent stasis effect.
You can dig through walls and to a lower floor.
Your four strong arms can wield two-handed weapons with a shield.
You have a pair of large antennae on your head (SInv).


Message History

The orc warrior hits you with a trident.
You hit the orc warrior but do no damage.
The orc warrior is moderately wounded.
You block the orc warrior's attack.
You barely miss the orc warrior.
The orc warrior is moderately wounded.
The orc warrior hits you with a trident.
You closely miss the orc warrior.
The orc warrior is moderately wounded.
You block the orc warrior's attack.
You closely miss the orc warrior.
The orc warrior is moderately wounded.
The orc warrior hits you with a trident.
You hit the orc warrior. You freeze the orc warrior.
The orc warrior is heavily wounded.
You block the orc warrior's attack.
You hit the orc warrior but do no damage.
The orc warrior is heavily wounded.
The orc warrior hits you with a trident!
You die...

...>......###..≈≈≈≈≈...# #....#..
........#..##...≈≈≈....# #..###..
.⌠...⌠..#...#..........#####'###...
............#.................(..).
........#..........................
.##.##.##.........###.######.#.....
................#.###.######.#....#
...#........##.....<..#............
............##...@).#...##.........
..#.........##..#.o...####.........
.##..)......#...###...####.........
..#............####.#..............
..#.>.......#.# #...######.........
..............###.#..#####.........
.##.......#...##...............(...
###....##....................######
##..##...........#####.......#


You could see an orc warrior.

Vanquished Creatures
  2 big kobolds (Sewer)
  The ghost of CyborgNinja the Chiller, an amateur DEIE (D:3)
  A giant frog (D:6)
  A hound (D:6)
  Ijyb (D:2)
  A worker ant (D:6)
  2 hound zombies (D:6)
  3 adders
  6 oozes
  3 worms
  A dart slug (D:1)
  A giant gecko (D:2)
  2 orcs (D:6)
  9 bats
  4 giant cockroaches
  14 goblins
  9 hobgoblins
  8 jackals
  A quokka (D:3)
  4 ball pythons
  5 giant newts
  15 kobolds
  7 rats
101 creatures vanquished.

Notes
Turn   | Place    | Note
--------------------------------------------------------------
     0 | D:1      | MenacingMecha the Formicid Fighter began the quest for the Orb.
     0 | D:1      | Reached XP level 1. HP: 18/18 MP: 1/1
    75 | D:1      | Found an iron altar of Okawaru.
    92 | D:1      | Became a worshipper of Warmaster Okawaru
   117 | D:1      | Reached XP level 2. HP: 24/24 MP: 2/2
   315 | D:1      | Reached skill level 3 in Maces & Flails
   463 | D:1      | Reached XP level 3. HP: 26/29 MP: 3/3
   748 | D:2      | Found a faded altar to an unknown god.
  1194 | D:2      | Reached XP level 4. HP: 35/35 MP: 4/4
  1285 | D:2      | Reached skill level 4 in Maces & Flails
  1745 | D:2      | Noticed Ijyb
  1757 | D:2      | Killed Ijyb
  1835 | D:2      | Reached XP level 5. HP: 40/41 MP: 5/5
  1921 | D:3      | Noticed CyborgNinja's ghost (amateur DEIE)
  2039 | D:3      | Killed CyborgNinja's ghost
  2039 | D:3      | Reached skill level 5 in Maces & Flails
  2079 | D:3      | Reached XP level 6. HP: 32/47 MP: 6/6
  2331 | D:3      | Found a shadowy altar of Dithmenos.
  2538 | D:3      | Noticed Sigmund
  2544 | D:3      | You fall through a shaft for 3 floors!
  2625 | D:6      | Found a glowing silver altar of Zin.
  2625 | D:6      | Found a burning altar of Makhleb.
  2625 | D:6      | Found a shattered altar of Ashenzari.
  2630 | D:6      | Reached skill level 6 in Maces & Flails
  2665 | D:6      | Reached * piety under Okawaru
  2704 | D:6      | Found a glowing drain.
  2745 | Sewer    | Entered a sewer
  3125 | Sewer    | Reached skill level 7 in Maces & Flails
  3125 | Sewer    | Reached XP level 7. HP: 21/52 MP: 7/7
  3390 | D:6      | Found a staircase to the Ecumenical Temple.
  3585 | D:6      | Got a shimmering morningstar
  3586 | D:6      | Identified the +1 morningstar of Ruban {freeze, rF+ Int+4} (You found it on level 6 of the Dungeon)
  3851 | D:6      | Slain by an orc warrior

Vault maps used:
D:1:      scummos_arrival_star, okawaru_ov_weapons_minmay
D:2:      kennysheep_goblin_castle, ecumenical_altar_2
D:3:      minitemple, nicolae_dithmenos_through_a_glass_darkly, first_bread,
          uniq_sigmund
D:6:      gammafunk_temple_overflow_claw, minmay_temple_entry_large_hall,
          portal_sewer_entry_a, kennysheep_nondescript
D:7:      fiery_altar_vehumet
Sewer:    sewer_co_15_rooms

Skill      XL: |  1  2  3  4  5  6 |
---------------+-------------------+-----
Maces & Flails | 3 4 5 7 |  7.7
Fighting       | |  3.2
Armour         | |  3.2
Shields        | |  3.6

Action                   |  1- 3 |  4- 6 |  7- 9 || total
-------------------------+-------+-------+-------++-------
Melee: Flail             |   117 |   261 |    28 ||   406
       Morningstar       |       |       |    18 ||    18
 Abil: Dig               |       |     2 |       ||     2
       Shaft Self        |       |     1 |       ||     1
  Eat: Chunk             |     1 |     8 |     2 ||    11
Armor: Scale mail        |    57 |   101 |    18 ||   176
Dodge: Dodged            |    37 |    80 |     7 ||   124
Block: Shield            |    72 |   112 |    26 ||   210
